 Dungeon Crawl Stone Soup version 0.19.0-20-gbc5f0c6 (webtiles) character file.

132 dobroeutro the Archer (level 4, -1/36 HPs)
             Began as a Centaur Hunter on Nov 17, 2016.
             Was an Initiate of Okawaru.
             Shot with an arrow by a centaur (9 damage)
             ... on level 4 of the Dungeon.
             The game lasted 00:04:54 (3769 turns).

dobroeutro the Archer (Centaur Hunter)              Turns: 3769, Time: 00:04:54

Health: -1/36      AC:  7    Str: 15    XL:     4   Next: 92%
Magic:  4/4        EV:  7    Int: 10    God:    Okawaru [......]
Gold:   104        SH:  0    Dex: 10    Spells: 0 memorised, 3 levels left

rFire  . . .     SeeInvis .     b - +0 short sword
rCold  . . .     Gourm    .     B - +1 scale mail
rNeg   . . .     Faith    +     (no shield)
rPois  .         Spirit   .     (no helmet)
rElec  .         Reflect  .     (no cloak)
rCorr  .         Harm     .     (no gloves)
MR     .....                    (no barding)
Stlth  ..........               k - amulet of faith
                                (no ring)
                                i - ring of wizardry

@: very slightly contaminated, very quick
A: hooves 3, deformed body, speed 2, tough skin 3
a: Renounce Religion


You were on level 4 of the Dungeon.
You worshipped Okawaru.
Okawaru was noncommittal.
You were not hungry.

You visited 1 branch of the dungeon, and saw 4 of its levels.

You collected 104 gold pieces.

Inventory:

Hand Weapons
 a - a +1 shortbow
 b - a +0 short sword (weapon)
Missiles
 d - 41 arrows
 w - 4 poisoned tomahawks (quivered)
Armour
 B - a +1 scale mail (worn)
Jewellery
 i - a ring of wizardry (left hand)
 k - an amulet of faith (around neck)
Scrolls
 g - 2 scrolls of enchant armour
 m - a scroll of remove curse
 n - a scroll of recharging {unknown}
 t - a scroll of noise {unknown}
 y - a scroll of enchant weapon {unknown}
Potions
 e - a potion of beneficial mutation {unknown}
 h - 5 potions of agility
 p - a potion of brilliance {unknown}
 x - a potion of resistance {unknown}
 A - a potion of berserk rage {unknown}
Comestibles
 f - 3 bread rations
 q - 3 meat rations
 r - 3 fruits
 s - 2 beef jerkies
 z - a chunk of flesh


   Skills:
 - Level 2.0 Fighting
 + Level 8.3 Bows
 - Level 1.3 Dodging
 - Level 0.4 Stealth


You had 3 spell levels left.
You didn't know any spells.

Dungeon Overview and Level Annotations

Branches:
Dungeon (4/15)
 Temple: D:4-7

Altars:
Nemelex Xobeh
Okawaru

Annotations:
D:3 Grinder


Innate Abilities, Weirdness & Mutations

You have hooves in place of feet.
Armour fits poorly on your strangely shaped body.
You cover ground very quickly.
You have extremely tough skin. (AC +3)


Message History

You are too injured to fight recklessly!
You are too injured to fight recklessly!
Found 10 gold pieces.
You see here 13 gold pieces.
As you read the scroll labeled DYFIDI LOITU, it crumbles to dust.
The creatures around you are filled with an inner flame!
It was a scroll of immolation.
The jackal closely misses you.
Found a short sword.
The jackal seems to regain its courage.
The jackal barks!
The jackal seems to regain its courage.
The centaur shoots an arrow.
The arrow hits you.
* * * LOW HITPOINT WARNING * * *
You see here an arrow.
The jackal seems to regain its courage.
The centaur shoots an arrow.
The arrow hits you but does no damage.
You see here an arrow.
The centaur shoots an arrow.
The arrow hits you!
You die...

. >.#.# .
....# .
#..>.#
###+##
.#+#.#.#
#..@.#
.$.....
#....#
.....#
#..).##
.h...#
#...hh#
..(..#
#..h(.#
.....#.#
###.....#
####.#.#
##.....(.#
##<#.#
#...c....#
#....#
#..$.....#


You could see a centaur and 3 jackals.

Vanquished Creatures
  6 adders
  An ooze (D:3)
  3 worms
  2 dart slugs
  2 leopard geckos
  6 orcs (D:3)
  5 bats
  3 giant cockroaches (D:2)
  4 goblins
  5 hobgoblins
  7 jackals
  3 kobolds
  A ball python (D:2)
  4 frilled lizards
  3 rats
55 creatures vanquished.

Notes
Turn   | Place    | Note
-------+----------+-------------------------------------------
     0 | D:1      | dobroeutro the Centaur Hunter began the quest for the Orb.
     0 | D:1      | Reached XP level 1. HP: 17/17 MP: 1/1
   554 | D:1      | Reached XP level 2. HP: 24/24 MP: 2/2
   569 | D:1      | Reached skill level 6 in Bows
  1031 | D:2      | Found an iron altar of Okawaru.
  1113 | D:2      | Became a worshipper of Warmaster Okawaru
  1351 | D:2      | Reached XP level 3. HP: 23/29 MP: 3/3
  1840 | D:2      | Reached skill level 7 in Bows
  2028 | D:2      | Reached XP level 4. HP: 36/36 MP: 4/4
  2741 | D:3      | Reached skill level 8 in Bows
  3005 | D:3      | Found a sparkling altar of Nemelex Xobeh.
  3078 | D:3      | HP: 1/36 [poisoned by an adder]
  3667 | D:3      | Noticed Grinder
  3674 | D:3      | Paralysed by Grinder for 6 turns
  3692 | D:3      | Paralysed by Grinder for 3 turns
  3700 | D:4      | Noticed a centaur
  3769 | D:4      | Shot with an arrow by a centaur

Skill      XL: |  1  2  3  4 |
---------------+-------------+-----
Bows           | 6 7 8 |  8.3
Fighting       | |  2.0
Dodging        | |  1.3
Stealth        | |  0.4

Action                   |  1- 3 |  4- 6 || total
-------------------------+-------+-------++-------
Melee: Short sword       |    91 |   139 ||   230
       Kick              |    13 |    37 ||    50
 Fire: Shortbow          |    19 |       ||    19
Throw: Tomahawk          |       |     6 ||     6
  Use: Potion            |     1 |       ||     1
       Scroll            |       |     7 ||     7
  Eat: Chunk             |     2 |     5 ||     7
Armor: Leather armour    |    55 |    46 ||   101
       Scale mail        |       |    10 ||    10
Dodge: Dodged            |    61 |    62 ||   123
